 Dungeon Crawl Stone Soup version 0.26.1-11-gd32895ea62 (webtiles) character file.

Game seed: 17088199634880378439

424 ZappyNine the Ducker (level 6, -3/52 HPs)
             Began as a Demigod Gladiator on June 13, 2021.
             Slain by a mummy (13 damage)
             ... in an ossuary.
             The game lasted 00:02:30 (3565 turns).

ZappyNine the Ducker (Demigod Gladiator)            Turns: 3565, Time: 00:02:31

Health: -3/52      AC:  4    Str: 17    XL:     6   Next: 36%
Magic:  8/8        EV: 15    Int: 12    God:
Gold:   195        SH:  0    Dex: 21    Spells: 5/5 levels left

rFire    . . .     SeeInvis .   a - +0 long sword
rCold    . . .     Faith    .   (no shield)
rNeg     . . .     Spirit   .   b - +0 leather armour
rPois    .         Reflect  .   c - +0 helmet
rElec    .         Harm     .   (no cloak)
rCorr    +         Rampage  .   (no gloves)
Will     .....                  (no boots)
Stlth    ++........             (no amulet)
HPRegen  0.17/turn              n - ring of resist corrosion
MPRegen  0.11/turn              (no ring)

@: no status effects
A: high mp 1
a: no special abilities


You were in an ossuary.
You visited 1 branch of the dungeon, and saw 4 of its levels.
You also visited: Ossuary.

You collected 195 gold pieces.

Inventory:

Hand Weapons
 a - a +0 long sword (weapon)
Missiles
 d - 5 throwing nets (quivered)
Armour
 b - a +0 leather armour (worn)
 c - a +0 helmet (worn)
Jewellery
 n - a ring of resist corrosion (left hand)
Scrolls
 e - a scroll of magic mapping {unknown}
 f - a scroll of blinking {unknown}
 i - 3 scrolls of enchant weapon {unknown}
 j - a scroll of amnesia {unknown}
 k - 5 scrolls of identify {unknown}
 m - 2 scrolls of remove curse {unknown}
 o - a scroll of fog {unknown}
 p - 2 scrolls of teleportation {unknown}
 r - a scroll of fear {unknown}
 s - a scroll of enchant armour {unknown}
Potions
 g - a potion of curing
 h - a potion of brilliance


   Skills:
 + Level 4.0 Fighting
 - Level 2.1(3.2) Short Blades
 + Level 3.7(4.0) Long Blades
 - Level 1.7 Throwing
 + Level 4.5 Dodging


You had 5 spell levels left.
You didn't know any spells.
Your spell library was empty.

Dungeon Overview and Level Annotations

Branches:
Dungeon (4/15)            Ossuary (1/1)
 Temple: D:4-7


Innate Abilities, Weirdness & Mutations

You have an increased reservoir of magic. (+10% MP)


Message History

The mummy is almost destroyed.
The mummy hits you!
The orc zombie hits you but does no damage.
The mummy hits you!
* * * LOW HITPOINT WARNING * * *
The kobold zombie closely misses you.
Unknown command.
You hit the mummy.
You destroy the mummy!
The orc zombie barely misses you. The kobold zombie misses you.
Your Fighting skill increases to level 4!
Unknown command.
Unknown command.
You hit the mummy.
The mummy is lightly damaged.
The mummy barely misses you. The orc zombie barely misses you.
Unknown command.
You hit the mummy but do no damage. The kobold zombie closely misses you.
The mummy hits you!
You die...

...........
.........
........
......
#....#
#.Z..#
#MZZ.#
#.@..#
#....#
#....#
#....#
#....#
#.∩∩.#
######


You could see a mummy, a hobgoblin zombie, a kobold zombie and an orc zombie.

Vanquished Creatures
  Grinder (D:3)
  An orc priest (D:2)
  A hound (D:4)
  An orc wizard (D:2)
  A mummy (Ossuary)
  A worker ant zombie (D:2)
  5 adders
  3 worms
  A leopard gecko (D:1)
  8 orcs
  2 ball pythons
  2 bat skeletons (D:2)
  A bat zombie (D:2)
  4 giant cockroaches
  9 goblins
  7 hobgoblins
  3 jackals (D:3)
  4 kobolds
  A quokka (D:2)
  3 bats
  3 frilled lizards
  A gnoll zombie (Ossuary)
  A jackal skeleton (D:2)
  4 kobold zombies
  A quokka skeleton (D:2)
  9 rats
78 creatures vanquished.

Vanquished Creatures (others)
  2 withered plants (D:2)
2 creatures vanquished.

Grand Total: 80 creatures vanquished

Notes
Turn   | Place    | Note
-------+----------+-------------------------------------------
     0 | D:1      | ZappyNine the Demigod Gladiator began the quest for the
                  | Orb.
     0 | D:1      | Reached XP level 1. HP: 17/17 MP: 3/3
   468 | D:1      | Reached XP level 2. HP: 24/24 MP: 4/4
   911 | D:2      | Reached skill level 1 in Short Blades
   914 | D:2      | Reached XP level 3. HP: 25/30 MP: 5/5
  1179 | D:2      | Reached XP level 4. HP: 37/37 MP: 6/6
  2006 | D:2      | Found a sparkling altar of Nemelex Xobeh.
  2520 | D:3      | Reached XP level 5. HP: 42/45 MP: 7/7
  3220 | D:3      | Noticed Grinder
  3245 | D:3      | Killed Grinder
  3246 | D:3      | Reached XP level 6. HP: 16/52 MP: 8/8
  3481 | D:4      | Found a hazy altar of Hepliaklqana.
  3481 | D:4      | Found an ornate altar of the Wu Jian Council.
  3523 | D:4      | Found a sand-covered staircase.
  3536 | Ossuary  | Entered an ossuary
  3565 | Ossuary  | Slain by a mummy

Illustrated notes

Levels and vault maps discovered:
D:1:      minmay_arrival_four_houses, layout_basic, serial_bayou_ford_a,
          eino_curves_03, minmay_misc_feat_room
D:2:      layout_loops_ring, nemelex_xobeh_ov_fountains_minmay, serial_undead,
          serial_undead_e, serial_undead_a, serial_undead_f, serial_undead_f,
          hex_medium, minmay_box_of_dots
D:3:      minmay_skewed_foursquare, layout_loops_ring, uniq_grinder
D:4:      layout_basic, nicolae_dithmenos_the_darkroom,
          nicolae_overflow_hidden_temple, serial_rivers,
          chequers_serial_rivers_room_b, chequers_serial_rivers_micro_c,
          chequers_serial_rivers_small_b, chequers_serial_rivers_small_a,
          enter_ossuary_3, uniq_eustachio
Ossuary:  ossuary_tomb_3

Skill      XL: |  1  2  3  4  5  6 |
---------------+-------------------+-----
Fighting       | 2 3 4 |  4.0
Dodging        | 3 4 |  4.5
Short Blades   | 1 2 |  2.1
Long Blades    | 3 |  3.7
Throwing       | |  1.7

Action                   |  1- 3 |  4- 6 || total
-------------------------+-------+-------++-------
Melee: Long sword        |    60 |   181 ||   241
  Use: Potion            |       |     7 ||     7
 Stab: Sleeping          |     1 |     1 ||     2
Armor: Leather armour    |    19 |    34 ||    53
Dodge: Dodged            |    28 |   167 ||   195
       Rpst.: Long sword |    10 |    53 ||    63
